 Dungeon Crawl Stone Soup version 0.30.0-13-g156ef70053 (webtiles) character file.

Game seed: 5943406774626333498

2917 zazu2006 the Thrower (level 9, -3/71 HPs)
             Began as a Gnoll Wanderer on May 18, 2023.
             Was a Follower of Vehumet.
             Slain by a vampire mosquito (7 damage)
             ... on level 7 of the Dungeon.
             The game lasted 00:18:09 (7202 turns).

zazu2006 the Thrower (Gnoll Wanderer)               Turns: 7202, Time: 00:18:09

Health: -3/71      AC: 17    Str: 15    XL:     9   Next: 79%
Magic:  0/16       EV: 12    Int: 12    God:    Vehumet [*.....]
Gold:   340        SH:  0    Dex: 12    Spells: 14/17 levels left

rFire   . . .        N - +2 long sword (flame)
rCold   . . .        (no shield)
rNeg    . . .        O - +1 swamp dragon scales
rPois   +            (no helmet)
rElec   .            B - +0 cloak
rCorr   .            t - +0 pair of gloves
SInv    .            w - +0 pair of boots
Will    .....        G - amulet of guardian spirit
Stlth   ++           q - +4 ring of protection
HPRegen 0.31/turn    (no ring)
MPRegen 0.15/turn

%: guardian spirit
@: no status effects
A: fangs 1, strong nose, distributed training
a: Renounce Religion


You were on level 7 of the Dungeon.
You worshipped Vehumet.
Vehumet was aware of your devotion.
You visited 2 branches of the dungeon, and saw 8 of its levels.

You collected 340 gold pieces.

Inventory:

Hand Weapons
 a - a +2 dagger
 l - a +0 long sword
 o - a +0 sling
 N - a +2 long sword of flaming (weapon)
Missiles
 f - a poisoned dart
 H - 3 curare-tipped darts (quivered)
 J - 4 datura-tipped darts
 M - 11 stones
Armour
 t - a +0 pair of gloves (worn)
 w - a +0 pair of boots (worn)
 B - a +0 cloak (worn)
 O - +1 swamp dragon scales (worn)
Magical Staves
 p - a staff of fire
Jewellery
 q - a +4 ring of protection (left hand)
 E - a +4 ring of protection
 G - an amulet of guardian spirit (around neck)
Wands
 c - a wand of mindburst (5)
 C - a wand of charming (11)
 F - a wand of quicksilver (3)
 Q - a wand of roots (11)
Scrolls
 g - 3 scrolls of magic mapping {unknown}
 i - 4 scrolls of identify {unknown}
 k - a scroll of noise {unknown}
 n - 2 scrolls of enchant armour {unknown}
 r - 2 scrolls of teleportation
 v - a scroll of amnesia {unknown}
 y - 2 scrolls of fear {unknown}
 z - a scroll of enchant weapon {unknown}
 A - a scroll of acquirement {unknown}
 D - a scroll of fog {unknown}
 L - a scroll of vulnerability {unknown}
Potions
 b - a potion of haste {unknown}
 d - 3 potions of lignification
 e - 2 potions of brilliance
 h - a potion of might {unknown}
 j - a potion of invisibility {unknown}
 m - a potion of cancellation
 s - a potion of flight
 u - a potion of magic {unknown}
 x - a potion of mutation {unknown}
 I - a potion of berserk rage {unknown}
 K - a potion of attraction {unknown}
 P - a potion of resistance {unknown}


   Skills:
 + Level 6.7 Fighting
 + Level 4.7 Short Blades
 + Level 4.7 Long Blades
 + Level 4.7 Axes
 + Level 4.7 Maces & Flails
 + Level 4.7 Polearms
 + Level 4.7 Staves
 + Level 4.7 Ranged Weapons
 + Level 11.4 Throwing
 + Level 4.7 Armour
 + Level 5.5 Dodging
 + Level 4.7 Stealth
 + Level 4.7 Shields
 + Level 5.5 Unarmed Combat
 + Level 4.7 Spellcasting
 + Level 3.9 Conjurations
 + Level 3.9 Hexes
 + Level 3.9 Summonings
 + Level 3.9 Necromancy
 + Level 3.9 Translocations
 + Level 3.9 Transmutations
 + Level 3.9 Fire Magic
 + Level 3.9 Ice Magic
 + Level 3.9 Air Magic
 + Level 3.9 Earth Magic
 + Level 3.9 Poison Magic
 + Level 5.2 Invocations
 + Level 5.5 Evocations


You had 14 spell levels left.
You knew the following spells:

 Your Spells              Type           Power      Damage    Failure   Level
a - Mephitic Cloud        Conj/Pois/Air  12%        N/A       22%         3

Your spell library contained the following spells:

 Spells                   Type           Power      Damage    Failure   Level
 Sandblast                Erth           24%        2d8       8%          1
 Beastly Appendage        Tmut           24%        N/A       8%          1
 Poisonous Vapours        Pois/Air       24%        N/A       12%         2
 Sublimation of Blood     Necr           12%        N/A       12%         2
 Wereblood                Tmut           12%        N/A       12%         2
 Spider Form              Tmut/Pois      12%        N/A       22%         3
 Freezing Cloud           Conj/Ice/Air   6%         6-21      91%         5
 Summon Hydra             Summ           6%         N/A       100%        7


Dungeon Overview and Level Annotations

Branches:
Dungeon (7/15)             Temple (1/1) D:6

Altars:
Ashenzari
Cheibriados
Dithmenos
Elyvilon
Fedhas
Gozag
Hepliaklqana
Kikubaaqudgha
Nemelex Xobeh
Okawaru
Qazlal
Ru
Sif Muna
Trog
Uskayaw
Vehumet
Wu Jian
Xom
Yredelemnul
The Shining One

Shops:
D:2 (   D:6 (

Portals:
Abyss: D:4

Annotations:
D:4 2 transporters, platinum's ghost, amateur VSBe


Innate Abilities, Weirdness & Mutations

You have very sharp teeth.
Your uncanny sense of smell can sniff out nearby items.
Your experience applies equally to all skills.


Message History

The vampire mosquito misses you.
The white ugly thing is engulfed in noxious fumes.
The white ugly thing appears confused.
The white ugly thing engulfs you but does no damage.
The white ugly thing engulfs itself!
Unknown command.
Okay, then.
The vampire mosquito bites you but does no damage.
Aiming: Fastroot
Press: ? - help, Shift-Dir - straight line, f/p - white ugly thing
Aim: a white ugly thing (noxious fumes, moderately wounded, confused)
The roots erupt in riotous growth!
Roots grab the white ugly thing.
Roots grab the vampire mosquito.
The grasping roots constrict the vampire mosquito!
The grasping roots constrict the white ugly thing.
The vampire mosquito barely misses you. The vampire mosquito bites you.
The vampire mosquito draws strength from your injuries!
The white ugly thing is engulfed in noxious fumes.
The white ugly thing engulfs you but does no damage.
Unknown command.
Unknown command.
You barely miss the vampire mosquito.
The vampire mosquito is moderately damaged.
The grasping roots constrict the vampire mosquito!!
The grasping roots constrict the white ugly thing!
The roots release their grip on the vampire mosquito.
The white ugly thing seems less confused.
The vampire mosquito bites you but does no damage. x2
The white ugly thing is engulfed in noxious fumes.
The white ugly thing engulfs you.
* * * LOW HITPOINT WARNING * * *
The white ugly thing freezes you!
* * * LOW HITPOINT WARNING * * *
Unknown command.
Okay, then.
It was a potion of cancellation.
You feel magically purged.
The grasping roots constrict the white ugly thing.
The roots release their grip on the white ugly thing.
The vampire mosquito bites you!
You die...

...######### #..#
#......... ...'.......#
#..# #.#.#.#...
...#######.#
###..####.###.#.## ##.#
#.#∆ ..#.z.........#...
#.#
#.####..##.####.#.#.....
.#.# #.#...#
#.#....#.#####> .#.#
#.....# #.#.#..#.# #.
##.# #.#...####.#.####.#
#. )))#
#.####y@##.#......### #.
#### #.#∆
#u.##.#........# #. #.#
.°####.#.######.# #.
#.#### #.#.# #.# #.
#.########.#.# #.# #.
#....z.....#.# #.#
############.######.#
#........# ##########


You could see a white ugly thing and a vampire mosquito.

Vanquished Creatures
  A cyclops (D:7)
  Maggie (D:7)
  A hornet (D:7)
  2 steam dragons
  A vampire mosquito (D:7)
  Menkaure (D:4)
  A water moccasin (D:5)
  An ogre (D:5)
  2 black bears (D:7)
  A centaur (D:7)
  A phantom (D:5)
  A kobold brigand (D:6)
  A bullfrog (D:7)
  6 scorpions
  2 hounds (D:5)
  4 jellies
  An orc priest (D:7)
  A gnoll bouda (D:7)
  2 sleepcaps
  2 iguanas
  2 orc wizards
  3 gnolls (D:7)
  9 adders
  An ufetubus (D:6)
  3 worms
  3 dart slugs (D:2)
  7 orcs
  4 bats
  6 endoplasms
  A giant cockroach (D:1)
  5 goblins
  9 hobgoblins
  3 jackals (D:1)
  A quokka (D:1)
  6 ball pythons
  2 frilled lizards
  6 kobolds
  7 rats
111 creatures vanquished.

Notes
Turn   | Place    | Note
-------+----------+-------------------------------------------
     0 | D:1      | Reached skill level 10 in Throwing
     0 | D:1      | zazu2006 the Gnoll Wanderer began the quest for the Orb.
     0 | D:1      | zazu2006 set off with the following items: a +2 dagger, a
                  | curare-tipped dart, a potion of curing, a potion of
                  | lignification, a potion of brilliance, a +0 leather armour.
     0 | D:1      | Reached XP level 1. HP: 20/20 MP: 1/1
   197 | D:1      | Reached XP level 2. HP: 26/26 MP: 2/2
   581 | D:1      | Reached XP level 3. HP: 29/31 MP: 3/3
   820 | D:2      | Reached skill level 1 in Invocations
  1135 | D:2      | Reached skill level 1 in Short Blades
  1135 | D:2      | Reached skill level 1 in Long Blades
  1135 | D:2      | Reached skill level 1 in Axes
  1135 | D:2      | Reached skill level 1 in Maces & Flails
  1135 | D:2      | Reached skill level 1 in Polearms
  1135 | D:2      | Reached skill level 1 in Staves
  1135 | D:2      | Reached skill level 1 in Ranged Weapons
  1135 | D:2      | Reached skill level 1 in Armour
  1135 | D:2      | Reached skill level 1 in Stealth
  1135 | D:2      | Reached skill level 1 in Shields
  1135 | D:2      | Reached skill level 1 in Spellcasting
  1187 | D:2      | Reached XP level 4. HP: 38/38 MP: 5/5
  1244 | D:2      | Reached skill level 1 in Conjurations
  1244 | D:2      | Reached skill level 1 in Hexes
  1244 | D:2      | Reached skill level 1 in Summonings
  1244 | D:2      | Reached skill level 1 in Necromancy
  1244 | D:2      | Reached skill level 1 in Translocations
  1244 | D:2      | Reached skill level 1 in Transmutations
  1244 | D:2      | Reached skill level 1 in Fire Magic
  1244 | D:2      | Reached skill level 1 in Ice Magic
  1244 | D:2      | Reached skill level 1 in Air Magic
  1244 | D:2      | Reached skill level 1 in Earth Magic
  1244 | D:2      | Reached skill level 1 in Poison Magic
  1656 | D:2      | Found Siugiul's Weapon Shop.
  2201 | D:3      | Reached XP level 5. HP: 43/43 MP: 7/7
  2471 | D:4      | Reached skill level 5 in Fighting
  2471 | D:4      | Reached XP level 6. HP: 21/51 MP: 8/8
  2706 | D:4      | Found a one-way gate to the infinite horrors of the Abyss.
  2706 | D:4      | Noticed platinum's ghost (amateur VSBe)
  2717 | D:4      | Found a transporter.
  2776 | D:4      | Found a transporter.
  2852 | D:4      | Noticed Menkaure
  2879 | D:4      | Killed Menkaure
  3077 | D:4      | Reached XP level 7. HP: 56/56 MP: 10/10
  3219 | D:5      | Entered Level 5 of the Dungeon
  3884 | D:5      | Found a stormy altar of Qazlal.
  3934 | D:5      | Found a bloodstained altar of Trog.
  3980 | D:5      | Reached XP level 8. HP: 37/63 MP: 12/12
  4355 | D:6      | Found a staircase to the Ecumenical Temple.
  4373 | Temple   | Entered the Ecumenical Temple
  4702 | D:6      | Reached skill level 11 in Throwing
  4719 | D:6      | Found a blossoming altar of Fedhas.
  4721 | D:6      | Found an ancient bone altar of Kikubaaqudgha.
  4723 | D:6      | Found a radiant altar of Vehumet.
  4909 | D:6      | Found Noluj's Hydra Hut.
  4963 | D:6      | Became a worshipper of Vehumet
  5346 | D:6      | Noticed an eight-headed hydra
  6204 | D:7      | Noticed a hornet
  6211 | D:7      | Killed a hornet
  6212 | D:7      | Reached XP level 9. HP: 69/69 MP: 14/14
  6483 | D:7      | Identified the +4 buckler "Gyiplyad" {-Tele Contam +Inv
                  | SInv}
  6506 | D:7      | Noticed Maggie
  6535 | D:7      | Killed Maggie
  6536 | D:7      | Reached skill level 5 in Dodging
  6536 | D:7      | Reached skill level 5 in Unarmed Combat
  6536 | D:7      | Reached skill level 5 in Evocations
  6753 | D:7      | Found a snail-covered altar of Cheibriados.
  6873 | D:7      | Noticed a skeletal warrior
  6912 | D:6      | Learned a level 3 spell: Mephitic Cloud
  7105 | D:7      | Reached * piety under Vehumet
  7105 | D:7      | Offered knowledge of Sandblast by Vehumet.
  7183 | D:7      | Noticed a cyclops
  7190 | D:7      | Noticed a white ugly thing
  7194 | D:7      | Killed a cyclops
  7195 | D:7      | Reached skill level 5 in Invocations
  7201 | D:7      | HP: 3/71 [white ugly thing (14)]
  7202 | D:7      | Slain by a vampire mosquito

Illustrated notes

Levels and vault maps discovered:
D:1:      dpeg_arrival_more_subterranean_lakeside_camping, layout_loops_ring
D:2:      layout_loops_ring, serial_shops, nicolae_shop_bloodbath_and_beyond
D:3:      layout_basic
D:4:      layout_cave_pools, gammafunk_ghost_abyssal_escape, corexii_shack,
          solitary_fountain, uniq_menkaure
D:5:      layout_basic, nicolae_qazlal_general_emergency, trog_book
D:6:      layout_layer_cave, chequers_temple_overflow_statue_of_worship,
          minmay_temple_entry_statues_pillars, doesnt_shop_hydraphobe
D:7:      minmay_blocky_corners, layout_basic, cheibriados_altar_1, uniq_maggie
Temple:   nicolae_temple_bog_church

Skill      XL: |  1  2  3  4  5  6  7  8  9 |
---------------+----------------------------+-----
Throwing       | 11 | 11.4
Invocations    | 1 2 3 4 5 |  5.2
Short Blades   | 1 2 3 4 |  4.7
Long Blades    | 1 2 3 4 |  4.7
Axes           | 1 2 3 4 |  4.7
Maces & Flails | 1 2 3 4 |  4.7
Polearms       | 1 2 3 4 |  4.7
Staves         | 1 2 3 4 |  4.7
Ranged Weapons | 1 2 3 4 |  4.7
Armour         | 1 2 3 4 |  4.7
Stealth        | 1 2 3 4 |  4.7
Shields        | 1 2 3 4 |  4.7
Spellcasting   | 1 2 3 4 |  4.7
Conjurations   | 1 2 3 |  3.9
Hexes          | 1 2 3 |  3.9
Summonings     | 1 2 3 |  3.9
Necromancy     | 1 2 3 |  3.9
Translocations | 1 2 3 |  3.9
Transmutations | 1 2 3 |  3.9
Fire Magic     | 1 2 3 |  3.9
Ice Magic      | 1 2 3 |  3.9
Air Magic      | 1 2 3 |  3.9
Earth Magic    | 1 2 3 |  3.9
Poison Magic   | 1 2 3 |  3.9
Dodging        | 3 4 5 |  5.5
Unarmed Combat | 3 4 5 |  5.5
Evocations     | 3 4 5 |  5.5
Fighting       | 5 6 |  6.7

Action                     |  1- 3 |  4- 6 |  7- 9 || total
---------------------------+-------+-------+-------++-------
  Melee: Dagger            |   128 |   170 |   157 ||   455
         Bite              |    12 |    10 |    21 ||    43
         Punch             |     3 |     5 |     7 ||    15
         Long sword        |       |       |    19 ||    19
  Throw: Stone             |     4 |    19 |    20 ||    43
         Dart              |     2 |    13 |    66 ||    81
         Throwing net      |       |       |     2 ||     2
   Cast: Mephitic Cloud    |       |       |     2 ||     2
  Evoke: Wand              |       |       |    11 ||    11
    Use: Potion            |       |     2 |     5 ||     7
   Stab: Sleeping          |     3 |       |     2 ||     5
         Confused          |       |       |     1 ||     1
 Armour: Leather armour    |    33 |    59 |    68 ||   160
         Swamp dragon scal |       |       |    27 ||    27
         Skin              |       |       |     4 ||     4
  Dodge: Dodged            |    77 |    60 |   123 ||   260
